 Dungeon Crawl Stone Soup version 0.31.0-9-g3a7656b989 (webtiles) character file.

Game seed: 13266366481570096911

2029 qw the Skirmisher (level 9, -1/50 HPs)
             Began as a Deep Elf Hunter on Feb 2, 2024.
             Incinerated by a bombardier beetle (5 damage)
             ... with a burning spray
             ... on level 7 of the Dungeon.
             The game lasted 00:00:24 (5796 turns).

qw the Skirmisher (Deep Elf Hunter)                 Turns: 5796, Time: 00:00:25

Health: -1/50      AC: 13    Str: 12    XL:     9   Next: 3%
Magic:  11/11      EV: 13    Int: 15    God:
Gold:   65         SH:  0    Dex: 18    Spells: 8/8 levels left

rFire   . . .        a - +2 shortbow (flame)
rCold   . . .        (shield currently unavailable)
rNeg    . . .        h - +1 ring mail
rPois   +            c - +0 helmet
rElec   .            w - +2 cloak
rCorr   .            l - +1 pair of gloves
SInv    .            o - +0 pair of boots
Will    .....        (no amulet)
Stlth   +            (no ring)
HPRegen 0.28/turn    (no ring)
MPRegen 0.12/turn

%: no passive effects
@: on fire, glowing
A: poison resistance, MP-powered wands
a: no special abilities


You were on level 7 of the Dungeon.
You visited 2 branches of the dungeon, and saw 8 of its levels.

You collected 500 gold pieces.
You spent 435 gold pieces at shops.


Innate Abilities, Weirdness & Mutations

Your system is resistant to poisons. (rPois)
You expend magic power (3 MP) to strengthen your wands.


   Skills:
 - Level 3.1 Fighting
 - Level 14.1 Ranged Weapons
 - Level 2.2 Armour
 + Level 4.9 Dodging
 - Level 1.2 Stealth


You had 8 spell levels left.
You didn't know any spells.
Your spell library was empty.

Inventory:

Hand Weapons
 a - a +2 shortbow of flaming (weapon)
Armour
 c - a +0 helmet (worn)
 h - a +1 ring mail (worn)
 l - a +1 pair of gloves (worn)
 o - a +0 pair of boots (worn)
 w - a +2 cloak (worn)
Jewellery
 t - a ring of ice
Wands
 k - a wand of mindburst (28)
 n - a wand of light (5)
 q - a wand of paralysis (17)
 s - a wand of digging (3)
Scrolls
 v - a scroll of teleportation
Potions
 b - 2 potions of mutation
 d - a potion of enlightenment
 e - a potion of cancellation
 f - a potion of heal wounds {unknown}
 g - a potion of magic {unknown}
 i - a potion of might {unknown}
 j - 10 potions of curing
 m - a potion of invisibility {unknown}
 p - 3 potions of haste {unknown}
 r - a potion of berserk rage {unknown}
 u - a potion of brilliance {unknown}
 z - a potion of resistance {unknown}

Dungeon Overview and Level Annotations

Branches:
Dungeon (7/15)             Temple (1/1) D:4

Altars:
Ashenzari
Cheibriados
Dithmenos
Elyvilon
Fedhas
Hepliaklqana
Makhleb
Nemelex Xobeh
Qazlal
Ru
Sif Muna
Trog
Uskayaw
Vehumet
Wu Jian
Xom
Yredelemnul
Zin
The Shining One

Shops:
D:6 *?


Message History

You shoot an arrow. The arrow hits the sky beast!
The arrow burns the sky beast.
The sky beast is heavily wounded.
The liquid fire burns you!
The orc hits you from afar with a +0 trident.
You shoot an arrow. The arrow hits the sky beast!
The arrow burns the sky beast.
The sky beast is severely wounded.
The liquid fire burns you! The orc hits you but does no damage.
The sky beast hits you but does no damage.
You shoot an arrow. The arrow closely misses the sky beast.
The liquid fire burns you!
You shoot an arrow. The arrow hits the sky beast.
The arrow burns the sky beast.
The sky beast is almost dead.
The liquid fire burns you! The orc barely misses you.
The sky beast hits you but does no damage.
You shoot an arrow. The arrow hits the sky beast.
The arrow burns the sky beast.
You kill the sky beast!
The liquid fire burns you! The orc closely misses you.
You have reached level 9!
Your experience leads to an increase in your attributes!
Increase (S)trength, (I)ntelligence, or (D)exterity?
You feel stronger. x2
You shoot an arrow. The arrow hits the orc!
The arrow burns the orc.
You kill the orc!
The liquid fire burns you!
You are on fire!
The liquid fire burns you!
You are on fire!
The liquid fire burns you!
You are on fire!
The liquid fire burns you!
You are on fire!
The liquid fire burns you!
You are on fire!
The liquid fire burns you!
You are on fire!
The liquid fire burns you!
You die...

# ###....# #.##.# #
#......#.8)..8.#
#####.##.# #
#......#.......#
#......#.# #
#.....)#.8...8.#
#......#.# #
#......#.......
#......#.# # ########
8...8 #......#.# # #
..) ####......#.#
#.####%####..#......#.#
#.....@......#......#[#
#............#.....##.#
#............#.######.#
#............#.# ####..
#............'.###...##
#............#......(..
#######......##......##
###########.....#
##.....


There were no monsters in sight!

Vanquished Creatures
  Pikel (D:7)
  An ice beast (D:7)
  2 sky beasts (D:7)
  3 ogres
  2 bullfrogs (D:7)
  A scorpion (D:5)
  5 killer bees (D:7)
  A bombardier beetle (D:7)
  6 hounds
  A jelly (D:6)
  3 sleepcaps
  6 orc wizards
  Robin (D:4)
  8 adders
  2 shadow imps (D:6)
  3 ribbon worms
  19 orcs
  6 endoplasms
  A giant cockroach (D:2)
  12 hobgoblins
  5 jackals
  6 kobolds
  3 quokkas
  8 ball pythons
  3 bats (D:3)
  7 frilled lizards
  13 goblins
  3 rats
132 creatures vanquished.

Notes
Turn   | Place    | Note
-------+----------+-------------------------------------------
     0 | D:1      | qw the Deep Elf Hunter began the quest for the Orb.
     0 | D:1      | Reached XP level 1. HP: 12/12 MP: 3/3
     0 | D:1      | 0 ||| qw: Version: 0.3-a-155-g5e7d8dd
     0 | D:1      | 0 ||| qw: Game counter: 1157
     0 | D:1      | 0 ||| qw: Melee chars always use a shield: true
     0 | D:1      | 0 ||| qw: God list: Okawaru
     0 | D:1      | 0 ||| qw: Allow faded altars: false
     0 | D:1      | 0 ||| qw: Do Orc after clearing Dungeon:15 true
     0 | D:1      | 0 ||| qw: Do second Lair branch before Depths: true
     0 | D:1      | 0 ||| qw: Lair rune preference: random
     0 | D:1      | 0 ||| qw: Goals: Normal
     0 | D:1      | 0 ||| PLANNING D:1-11
   165 | D:1      | Reached skill level 6 in Ranged Weapons
   165 | D:1      | Reached XP level 2. HP: 16/16 MP: 4/4
   554 | D:1      | 554 ||| UPGRADING to +0 ring mail.
   564 | D:1      | 564 ||| DROPPING +0 leather armour.
   565 | D:1      | 565 ||| READING scroll labelled FUIRIUSCHUTUE.
   565 | D:1      | 565 ||| ENCHANTING +0 shortbow.
   566 | D:1      | 566 ||| READING scroll labelled UBBOLL AGOWN.
   570 | D:1      | 570 ||| READING scroll labelled HIACONT TATOCK.
   570 | D:1      | 570 ||| ENCHANTING +0 ring mail.
   571 | D:1      | 571 ||| DROPPING scroll of butterflies.
   602 | D:2      | Reached XP level 3. HP: 20/20 MP: 5/5
   935 | D:2      | Identified the +0 cloak of Spite {Str+2 Int+3}
  1095 | D:2      | Reached skill level 7 in Ranged Weapons
  1153 | D:2      | 1153 ||| UPGRADING to +0 helmet.
  1158 | D:2      | 1158 ||| UPGRADING to +0 cloak of Spite {Str+2 Int+3}.
  1163 | D:2      | 1163 ||| UPGRADING to +0 pair of gloves.
  1168 | D:2      | 1168 ||| READING scroll labelled WYPTUKKOEF.
  1168 | D:2      | 1168 ||| IDENTIFYING coppery potion
  1169 | D:2      | 1169 ||| DRINKING 6 bubbling coppery potions.
  1236 | D:3      | 1236 ||| READING scroll of enchant armour.
  1236 | D:3      | 1236 ||| ENCHANTING +0 pair of gloves.
  1272 | D:3      | Reached XP level 4. HP: 25/25 MP: 6/6
  1532 | D:3      | Found a faded altar of an unknown god.
  1639 | D:3      | Reached skill level 8 in Ranged Weapons
  2003 | D:3      | 2003 ||| READING scroll labelled ORYESH JOOHO.
  2105 | D:4      | Found a staircase to the Ecumenical Temple.
  2106 | D:4      | 2106 ||| PLANNING TEMPLE
  2190 | D:4      | Noticed an ogre
  2191 | D:4      | 2191 ||| ZAPPING wand of mindburst (15) at -5,1 (ogre;
                  | floor).
  2192 | D:4      | 2192 ||| ZAPPING wand of mindburst (14) at -4,1 (ogre;
                  | floor).
  2193 | D:4      | 2193 ||| ZAPPING wand of mindburst (13) at -3,1 (ogre;
                  | floor).
  2194 | D:4      | 2194 ||| ZAPPING wand of mindburst (12) at -2,0 (ogre;
                  | floor).
  2194 | D:4      | Killed an ogre
  2195 | D:4      | Reached skill level 9 in Ranged Weapons
  2195 | D:4      | Reached XP level 5. HP: 29/29 MP: 7/7
  2432 | D:4      | Reached skill level 1 in Armour
  2607 | D:4      | Found a sacrificial altar of Ru.
  2630 | D:4      | Noticed Robin
  2639 | D:4      | Killed Robin
  2640 | D:4      | Reached XP level 6. HP: 35/35 MP: 8/8
  2946 | D:4      | 2946 ||| UPGRADING to +0 pair of boots.
  2951 | D:4      | 2951 ||| READING scroll labelled ZOYSIBLYUSI.
  2952 | D:4      | 2952 ||| READING 2 scrolls labelled MIRAG ROLIE.
  2953 | D:4      | 2953 ||| READING scroll labelled OSAAF PIHOYPRE.
  2954 | D:4      | 2954 ||| DROPPING scroll of fog.
  2956 | D:4      | 2956 ||| Stepping ~*~*~tactically~*~*~ (cloud).
  3075 | Temple   | Entered the Ecumenical Temple
  3076 | Temple   | 3076 ||| PLANNING D:1-11
  3388 | D:5      | Entered Level 5 of the Dungeon
  3477 | D:5      | Reached skill level 3 in Dodging
  3538 | D:5      | Found a bloodstained altar of Trog.
  3601 | D:5      | HP: 7/36 [ogre/+0 giant club (8)]
  3602 | D:5      | 3602 ||| READING scroll of teleportation.
  3757 | D:5      | Reached skill level 10 in Ranged Weapons
  3757 | D:5      | Reached XP level 7. HP: 40/40 MP: 9/9
  3821 | D:5      | Found a radiant altar of Vehumet.
  4008 | D:5      | 4008 ||| DRINKING 10 potions of curing.
  4008 | D:5      | 4008 ||| (to cure confusion)
  4103 | D:5      | 4103 ||| READING scroll of identify.
  4103 | D:5      | 4103 ||| IDENTIFYING silvery potion
  4104 | D:5      | 4104 ||| READING scroll labelled NOVOPODD NEAQA.
  4105 | D:5      | 4105 ||| DRINKING 3 amethyst potions.
  4105 | D:5      | Gained mutation: Your system is resistant to poisons.
                  | (rPois) [potion of mutation]
  4105 | D:5      | Gained mutation: You expend magic power (3 MP) to
                  | strengthen your wands. [potion of mutation]
  4106 | D:5      | 4106 ||| DROPPING potion of ambrosia.
  4226 | D:6      | 4226 ||| RETREEEEATING.
  4236 | D:6      | Reached skill level 11 in Ranged Weapons
  4360 | D:6      | Found a glowing silver altar of Zin.
  4438 | D:6      | Found Fedugid's Neck Hole.
  4482 | D:6      | 4482 ||| BUYING +2 cloak (231 gold).
  4482 | D:6      | Bought a +2 cloak for 231 gold pieces
  4482 | D:6      | 4482 ||| SHOPLISTING scarf of resistance (448 gold, have
                  | 184).
  4586 | D:6      | Found Pueg's Magic Scroll Shop.
  4765 | D:6      | 4765 ||| BUYING scroll of brand weapon (114 gold).
  4765 | D:6      | Bought a scroll of brand weapon for 114 gold pieces
  4765 | D:6      | 4765 ||| BUYING scroll of enchant weapon (90 gold).
  4765 | D:6      | Bought a scroll of enchant weapon for 90 gold pieces
  4765 | D:6      | 4765 ||| SHOPLISTING scroll of identify (24 gold, have 4).
  4765 | D:6      | 4765 ||| SHOPLISTING scroll of teleportation (36 gold, have
                  | 4).
  4765 | D:6      | 4765 ||| READING scroll of brand weapon.
  4765 | D:6      | 4765 ||| BRANDING +1 shortbow.
  4766 | D:6      | 4766 ||| READING scroll of enchant weapon.
  4766 | D:6      | 4766 ||| ENCHANTING +1 shortbow of flaming.
  4848 | D:6      | 4848 ||| UPGRADING to +2 cloak.
  4858 | D:6      | 4858 ||| DROPPING +0 cloak of Spite {Str+2 Int+3}.
  4859 | D:6      | 4859 ||| READING scroll of identify.
  4859 | D:6      | 4859 ||| IDENTIFYING brown potion
  4860 | D:6      | 4860 ||| READING scroll labelled GIMAOW BIUR.
  4861 | D:6      | 4861 ||| DRINKING 3 murky puce potions.
  4895 | D:6      | 4895 ||| DROPPING 2 potions of lignification.
  4905 | D:7      | Noticed Pikel
  4908 | D:7      | 4908 ||| RETREEEEATING.
  4910 | D:7      | 4910 ||| RETREEEEATING.
  4912 | D:7      | 4912 ||| RETREEEEATING.
  4921 | D:7      | 4921 ||| RETREEEEATING.
  4922 | D:7      | 4922 ||| ZAPPING wand of light (6) at 1,-2 (Pikel; floor).
  4923 | D:7      | 4923 ||| ZAPPING wand of mindburst (11) at 0,-1 (Pikel;
                  | floor).
  4924 | D:7      | 4924 ||| ZAPPING wand of mindburst (10) at 0,-1 (Pikel;
                  | floor).
  4924 | D:7      | Killed Pikel
  4925 | D:7      | Reached skill level 13 in Ranged Weapons
  4925 | D:7      | Reached XP level 8. HP: 45/45 MP: 0/10
  5091 | D:7      | Reached skill level 3 in Fighting
  5397 | D:7      | Noticed a rust devil
  5398 | D:7      | Noticed a rust devil
  5585 | D:7      | Reached skill level 14 in Ranged Weapons
  5790 | D:7      | Reached XP level 9. HP: 22/50 MP: 11/11
  5793 | D:7      | HP: 11/50 [burnt (4)]
  5794 | D:7      | HP: 5/50 [burnt (6)]
  5796 | D:7      | Incinerated by a bombardier beetle

Levels and vault maps discovered:
D:1:      erik_arrival_orb_chamber, layout_loops_ring, nrook_mini_vaults,
          serial_park_tiny_2, minmay_bisected
D:2:      layout_loops_ring, minmay_misc_feat_pillars
D:3:      kennysheep_big_flooded_room, layout_loops_corners,
          ebering_ecumenical_altar_mist
D:4:      layout_layer_cave, mainiacjoe_overflow_alcove_1, temple_doors_e,
          grunt_decor_resistance, uniq_robin
D:5:      layout_basic, mainiacjoe_overflow_surrounded_room,
          lemuel_doored_altar, corner_web_ring
D:6:      layout_rooms, mainiacjoe_overflow_small_starburst,
          kennysheep_pointless_box, nicolae_inconvenience_store, abandoned_shop,
          mrwooster_statue_mirror, minivault_24,
          nicolae_shop_sticking_my_neck_out
D:7:      cheibrodos_iron_armory, layout_basic, grunt_ministairs_3, uniq_pikel
Temple:   eino_wide_crystal_templ

Skill      XL: |  1  2  3  4  5  6  7  8 |
---------------+-------------------------+-----
Ranged Weapons | 6 7 9 10 13 14 | 14.1
Armour         | 1 2 |  2.2
Fighting       | 2 3 |  3.1
Dodging        | 3 4 |  4.9
Stealth        | |  1.2

Action                     |  1- 3 |  4- 6 |  7- 9 || total
---------------------------+-------+-------+-------++-------
   Fire: Shortbow          |    86 |   142 |   226 ||   454
  Evoke: Wand              |       |     4 |     3 ||     7
    Use: Scroll            |     5 |     5 |     6 ||    16
         Potion            |     1 |       |     3 ||     4
 Armour: Leather armour    |     2 |       |       ||     2
         Ring mail         |    10 |    33 |   115 ||   158
  Dodge: Dodged            |    16 |    38 |    65 ||   119

Table legend:
 A = Non-vault XP
 B = Vault XP
 C = Vault XP percentage of total XP
 D = Non-vault monster count
 E = Vault monster count
 F = Vault count percentage of total count
                 A         B        C        D         E       F
            +---------+---------+-------+---------+---------+-------
      Total |    2133 |     766 |  26.4 |     110 |      22 |  16.7
            +---------+---------+-------+---------+---------+-------
        D:1 |      26 |       6 |  18.8 |      17 |       4 |  19.0
        D:2 |      45 |       0 |   0.0 |      13 |       0 |   0.0
        D:3 |      77 |       6 |   7.2 |      19 |       2 |   9.5
        D:4 |     196 |      36 |  15.5 |      11 |      13 |  54.2
        D:5 |     573 |       0 |   0.0 |      16 |       0 |   0.0
        D:6 |     282 |       0 |   0.0 |      14 |       0 |   0.0
        D:7 |     934 |     718 |  43.5 |      20 |       3 |  13.0
            +---------+---------+-------+---------+---------+-------
